 Dungeon Crawl Stone Soup version 0.27.1-1-g398f81649c (webtiles) character file.

Game seed: 3495324352665861988

2956 DearestLeader the Frost Mage (level 9, -10/68 HPs)
             Began as a Merfolk Ice Elementalist on Sept 15, 2021.
             Was an Elder of Okawaru.
             Engulfed by a fire crab (shapeshifter)'s flame (12 damage)
             ... on level 8 of the Dungeon on Sept 16, 2021.
             The game lasted 00:20:15 (8711 turns).

DearestLeader the Frost Mage (MfIE)                 Turns: 8711, Time: 00:20:15

Health: -10/68     AC:  7    Str:  9    XL:     9   Next: 81%
Magic:  3/12       EV: 12    Int: 16    God:    Okawaru [****..]
Gold:   123        SH:  5    Dex: 15    Spells: 6/13 levels left

rFire    + . .     SeeInvis .   e - +0 trident
rCold    . . .     Faith    .   n - +0 buckler
rNeg     . . .     Spirit   .   s - +1 leather armour {rF+}
rPois    .         Reflect  .   k - +0 helmet
rElec    .         Harm     .   (no cloak)
rCorr    .         Rampage  .   (no gloves)
Will     .....                  l - +1 pair of boots
Stlth    ++........             (no amulet)
HPRegen  0.21/turn              q - ring of wizardry
MPRegen  0.13/turn              (no ring)

@: no status effects
A: (nimble swimmer 2), mertail
a: Renounce Religion, Heroism


You were on level 8 of the Dungeon.
You worshipped Okawaru.
Okawaru was greatly pleased with you.
You visited 2 branches of the dungeon, and saw 9 of its levels.

You collected 213 gold pieces.
You spent 90 gold pieces at shops.

Inventory:

Hand Weapons
 b - a +0 dagger
 e - a +0 trident (weapon)
 v - a +1 flail
 A - the +6 dagger of Floral Reinforcement {flame, rElec Will+ Int-5}
   (You found it on level 8 of the Dungeon)

   It burns those it strikes, dealing additional fire damage.
   Int:       It affects your intelligence (-5).
   rElec:     It insulates you from electricity.
   Will:      It increases your willpower.
Missiles
 o - 36 poisoned darts (quivered)
Armour
 a - a +0 robe
 k - a +0 helmet (worn)
 l - a +1 pair of boots (worn)
 n - a +0 buckler (worn)
 s - a +1 leather armour of fire resistance (worn)
Jewellery
 q - a ring of wizardry (left hand)
Wands
 i - a wand of polymorph (7)
Scrolls
 f - 3 scrolls of magic mapping
 h - a scroll of torment
 j - a scroll of teleportation
 m - a scroll of vulnerability
 r - 2 scrolls of enchant armour
 u - a scroll of brand weapon {unknown}
 x - a scroll of identify
 y - a scroll of fog {unknown}
 z - a scroll of noise {unknown}
Potions
 c - 2 potions of mutation
 d - a potion of invisibility
 g - 2 potions of curing
 p - a potion of degeneration {unknown}
 t - 2 potions of attraction {unknown}
 w - 2 potions of haste {unknown}


   Skills:
 + Level 5.1 Fighting
 + Level 8.2 Polearms
 - Level 3.0 Dodging
 - Level 2.1 Stealth
 - Level 4.0 Shields
 + Level 2.5 Spellcasting
 * Level 10.7 Ice Magic
 + Level 4.0 Invocations


You had 6 spell levels left.
You knew the following spells:

 Your Spells              Type           Power      Damage    Failure   Level
a - Freeze                Ice            100%       1d11      1%          1
b - Frozen Ramparts       Ice            72%        1d9       1%          3
c - Ozocubu's Armour      Ice            36%        N/A       1%          3

Your spell library contained the following spells:

 Spells                   Type           Power      Damage    Failure   Level
 Hailstorm                Conj/Ice       19%        3d6       12%         4
 Call Canine Familiar     Summ           2%         N/A       32%         3
 Conjure Flame            Conj/Fire      2%         6-21      32%         3
 Ignite Poison            Fire/Tmut/Pois 2%         N/A       32%         3
 Portal Projectile        Hex/Tloc       4%         N/A       32%         3
 Metabolic Englaciation   Hex/Ice        9%         N/A       32%         5
 Leda's Liquefaction      Hex/Erth       1%         N/A       69%         4
 Sticky Flame             Conj/Fire      2%         2d3       69%         4
 Simulacrum               Ice/Necr       9%         N/A       86%         6


Dungeon Overview and Level Annotations

Branches:
Dungeon (8/15)             Temple (1/1) D:4
   Lair: D:8-11

Altars:
Ashenzari
Gozag
Okawaru
Qazlal
Sif Muna
Trog
Vehumet
Yredelemnul
Zin
The Shining One

Shops:
D:3 !   D:4 =*(


Innate Abilities, Weirdness & Mutations

((You are quick and stealthy near water. (Stealth+, EV+, Speed+++)))
Your lower body shifts to a powerful aquatic tail in water.


Message History

The frozen ramparts melt away.
You feel very sick. You block the gnoll sergeant's attack.
Reach: e) +0 trident
Press: ? - help, Dir - move target, f/p - gnoll sergeant
Aim: a gnoll sergeant, wielding a +2 spear of venom and wearing a +0 ring mail (almost dead, about 29% to evade your +0 trident)
You reach to attack!
The gnoll shouts!
You hit the gnoll sergeant.
You kill the gnoll sergeant!
Okawaru accepts your kill.
You feel sick.
Your Invocations skill increases to level 4!
Casting: Ozocubu's Armour (safe; 1% risk of failure)
Confirm with . or Enter, or press ? or * to list all spells.
You don't have enough magic to cast this spell.
Unknown command.
Your icy armour will break if you move.
Continue?
Your icy armour cracks and falls away as you move.
You feel very sick.
You feel sick. The fire crab breathes flames at you.
The blast of flame engulfs you but does no damage.
You resist.
Unknown command.
You are engulfed in blazing flames.
You resist.
* * * LOW HITPOINT WARNING * * *
x2 You feel sick.
* * * LOW HITPOINT WARNING * * *
You feel sick. The fire crab breathes flames at you.
The blast of flame engulfs you but does no damage.
You resist.
You feel better.
You are engulfed in blazing flames.
You resist.
* * * LOW HITPOINT WARNING * * *
Okay, then.
The fire crab breathes flames at you.
The blast of flame engulfs you but does no damage.
You are engulfed in blazing flames.
You resist.
You die...

.............
.......?...# .#
..............# .##
..............# ..##
.....#.......####...##
..........##.##.......
.........gg..#..○..#
.......#++#g)##○..#
......# ##g#○○@#
......## ##.gg°○#
.......####..t○○○#
........##...#○○##
..............○..#
..........##.#..##
...####....#.#..# #..#
##........# ##.#
###......##


You could see a fire crab and 2 gnolls.

Vanquished Creatures
  3 water moccasins (D:7)
  An ice beast (D:7)
  3 orc warriors
  3 sky beasts
  3 black bears
  A necrophage (D:5)
  4 ogres
  A centaur (D:5)
  A phantom (D:7)
  Blork the orc (D:6)
  A gnoll sergeant (D:8)
  A wyvern zombie (D:7)
  2 scorpions
  A water moccasin skeleton (D:5)
  A killer bee (D:8)
  3 wights (D:6)
  4 centaur zombies
  2 bullfrog zombies
  An orc priest (D:8)
  A centaur skeleton (D:5)
  A gnoll shaman (D:8)
  4 iguanas
  A scorpion zombie (D:5)
  A howler monkey zombie (D:6)
  2 gnolls
  5 adders
  A shadow imp (D:8)
  A white imp (D:5)
  5 worms
  A dart slug (D:1)
  20 orcs
  11 bats
  7 endoplasms
  4 giant cockroaches
  9 goblins
  3 hobgoblins
  5 kobolds
  6 quokkas
  A ball python (D:2)
  2 frilled lizards (D:1)
  4 rats
132 creatures vanquished.

Vanquished Creatures (others)
  An orc (D:8)
  A plant (D:8)
2 creatures vanquished.

Grand Total: 134 creatures vanquished

Notes
Turn   | Place    | Note
-------+----------+-------------------------------------------
     0 | D:1      | DearestLeader the Merfolk Ice Elementalist began the quest
                  | for the Orb.
     0 | D:1      | Reached XP level 1. HP: 13/13 MP: 3/3
   105 | D:1      | Reached XP level 2. HP: 19/19 MP: 1/5
   260 | D:1      | Reached skill level 5 in Ice Magic
   455 | D:1      | Found a faded altar of an unknown god.
   475 | D:1      | Reached XP level 3. HP: 21/24 MP: 2/6
   629 | D:1      | Learned a level 3 spell: Frozen Ramparts
  1518 | D:2      | Reached skill level 1 in Polearms
  1718 | D:2      | Reached XP level 4. HP: 10/30 MP: 1/7
  2147 | D:2      | Learned a level 3 spell: Ozocubu's Armour
  2811 | D:3      | Reached skill level 6 in Ice Magic
  3162 | D:3      | Reached skill level 1 in Fighting
  3574 | D:3      | Reached XP level 5. HP: 35/37 MP: 8/8
  3577 | D:3      | Found Zeorepp's Distillery.
  3599 | D:3      | Bought a potion of curing for 30 gold pieces
  4043 | D:4      | Noticed a black bear
  4067 | D:4      | Killed a black bear
  4068 | D:4      | Reached skill level 1 in Shields
  4248 | D:4      | Reached XP level 6. HP: 44/44 MP: 5/9
  4421 | D:4      | Noticed an orc warrior
  4646 | D:4      | Found a staircase to the Ecumenical Temple.
  4652 | Temple   | Entered the Ecumenical Temple
  4741 | Temple   | Became a worshipper of Warmaster Okawaru
  4797 | D:4      | Found Lum Moa's Weapon Boutique.
  4812 | D:4      | Found Cassadi's Jewellery Boutique.
  4984 | D:4      | Killed an orc warrior
  4985 | D:4      | Reached skill level 7 in Ice Magic
  4985 | D:4      | Reached XP level 7. HP: 40/51 MP: 0/10
  5176 | D:4      | Found Reuxehir's General Store.
  5182 | D:4      | Bought a scroll of identify for 24 gold pieces
  5182 | D:4      | Bought a scroll of teleportation for 36 gold pieces
  5320 | D:5      | Entered Level 5 of the Dungeon
  5515 | D:5      | Reached * piety under Okawaru
  5800 | D:5      | Reached XP level 8. HP: 47/58 MP: 6/11
  5877 | D:5      | Reached skill level 5 in Polearms
  5877 | D:5      | Reached skill level 8 in Ice Magic
  6091 | D:5      | Found an opulent altar of Gozag.
  6300 | D:5      | Reached ** piety under Okawaru
  6442 | D:6      | Noticed Blork the orc
  6453 | D:6      | Killed Blork the orc
  6471 | D:6      | Reached skill level 9 in Ice Magic
  6783 | D:6      | Reached skill level 1 in Invocations
  6860 | D:6      | Noticed a wraith
  6931 | D:7      | Reached XP level 9. HP: 50/66 MP: 12/12
  7183 | D:7      | Reached skill level 5 in Fighting
  7441 | D:7      | Reached *** piety under Okawaru
  7444 | D:7      | Reached skill level 10 in Ice Magic
  8223 | D:8      | Identified the +6 dagger of Floral Reinforcement {flame,
                  | rElec Will+ Int-5}
  8298 | D:8      | Noticed a two-headed ogre
  8690 | D:8      | Reached **** piety under Okawaru
  8702 | D:8      | Noticed a fire crab
  8709 | D:8      | HP: 2/68 [fire crab (shapeshifter)] (11)]
  8711 | D:8      | Engulfed by a fire crab (shapeshifter)'s flame

Illustrated notes

Levels and vault maps discovered:
D:1:      lightli_arrival_isolated_outpost, layout_basic,
          basic_ecumenical_altar, patterned_corridor
D:2:      layout_loops_cross, serial_park_tiny_1
D:3:      layout_loops_ring, serial_shops, nicolae_lakefront_shop
D:4:      layout_basic, minmay_temple_entry_hall, serial_shops, shop,
          nicolae_shop_stone, kennysheep_little_box
D:5:      layout_rooms, minmay_ruined_shrine
D:6:      layout_loops_cross, beargit_hepliaklqana_dungeon_heroes, st_stairs_5,
          uniq_blork_the_orc
D:7:      layout_basic
D:8:      layout_cave_pools, pdpol_wu_jian_five_deadly_venoms,
          serial_gnoll_camp, gnoll_camp_mini_hut, gnoll_camp_mini_shop,
          gnoll_camp_mini_hut, gnoll_camp_huts_basic, gnoll_camp_mini_loothouse,
          serial_bayou_pond_b
Temple:   dpeg_five_rooms_temple

Skill      XL: |  1  2  3  4  5  6  7  8  9 |
---------------+----------------------------+-----
Dodging        | 3 |  3.0
Ice Magic      | 5 6 7 9 10 | 10.7
Polearms       | 1 2 3 4 6 8 |  8.2
Fighting       | 1 2 3 4 5 |  5.1
Shields        | 1 2 4 |  4.0
Invocations    | 1 4 |  4.0
Stealth        | |  2.1
Spellcasting   | |  2.5

Action                   |  1- 3 |  4- 6 |  7- 9 || total
-------------------------+-------+-------+-------++-------
Melee: Dagger            |    15 |       |    29 ||    44
       Unarmed           |     1 |       |       ||     1
       Trident           |    36 |   115 |   304 ||   455
Throw: Dart              |       |       |     1 ||     1
 Cast: Freeze            |    32 |    10 |     6 ||    48
       Frozen Ramparts   |     1 |    13 |    26 ||    40
       Ozocubu's Armour  |       |     1 |    25 ||    26
  Use: Scroll            |       |     2 |     7 ||     9
       Potion            |       |       |     1 ||     1
 Stab: Sleeping          |     3 |     3 |     2 ||     8
       Distracted        |       |     1 |       ||     1
Armor: Robe              |    14 |    19 |   145 ||   178
       Leather armour    |       |       |     3 ||     3
Dodge: Dodged            |    59 |    61 |   228 ||   348
Block: Buckler           |       |       |    55 ||    55
